 Dungeon Crawl Stone Soup version 0.19-a0-1091-g463c9de (webtiles) character file.

935 4thArraOfDagon the Ruffian (level 7, -1/67 HPs)
             Began as a Troll Arcane Marksman on Aug 7, 2016.
             Was a Believer of Cheibriados.
             Slain by a wolf (10 damage)
             ... led by Grum
             ... on level 8 of the Dungeon.
             The game lasted 00:08:11 (1422 turns).

4thArraOfDagon the Ruffian (Troll Arcane Marksman)  Turns: 1422, Time: 00:08:12

Health: -1/67      AC:  5    Str: 26    XL:     7   Next: 87%
Magic:  8/8        EV: 13    Int: 15    God:    Cheibriados [**....]
Gold:   123        SH:  0    Dex: 13    Spells: 0 memorised, 8 levels left

rFire  . . .     SeeInvis +       - Unarmed
rCold  . . .     Gourm    +     a - +0 robe
rNeg   . . .     Faith    .     (no shield)
rPois  .         Spirit   .     (helmet restricted)
rElec  .         Dismiss  .     (no cloak)
rCorr  .         Reflect  .     (gloves unavailable)
SustAt .         Harm     .     (boots unavailable)
MR     .....                    (no amulet)
Stlth  +.........               (no ring)
                                (no ring)

@: very slow
A: unfitting armour, claws 3, repulsion field 1, see invisible, fast metabolism
3, gourmand, regeneration 2, shaggy fur 1, strong 1, tough skin 2
a: Bend Time, Renounce Religion


You were on level 8 of the Dungeon.
You worshipped Cheibriados.
Cheibriados was pleased with you.
You were very full.

You visited 2 branches of the dungeon, and saw 9 of its levels.
You also visited: Ossuary.

You collected 123 gold pieces.

Inventory:

Hand Weapons
 d - a +0 giant spiked club
Missiles
 c - 2 large rocks (quivered)
Armour
 a - a +0 robe (worn)
Jewellery
 p - an uncursed ring of poison resistance {unknown}
Wands
 k - a wand of random effects (28/48)
 r - a wand of flame (26/48)
Scrolls
 j - 2 scrolls of amnesia
 l - 4 scrolls of enchant armour {unknown}
 n - a scroll of teleportation
 o - a scroll of immolation {unknown}
Potions
 e - a potion of berserk rage
 g - a potion of mutation
 h - a potion of curing
 i - a potion of magic {unknown}
 q - a potion of degeneration {unknown}
Books
 b - a book of Debilitation

   Spells                             Type                      Level
   a - Corona                         Hexes                        1
   b - Slow                           Hexes                        2
   c - Gell's Gravitas                Hexes/Translocation          3
   d - Inner Flame                    Hexes/Fire                   3
   e - Cause Fear                     Hexes                        4
   f - Leda's Liquefaction            Hexes/Earth                  4
Comestibles
 f - 6 bread rations
 m - a meat ration


   Skills:
 + Level 3.0 Fighting
 - Level 1.7 Throwing
 + Level 3.4 Dodging
 * Level 6.2 Unarmed Combat
 - Level 1.0 Spellcasting
   Level 2.0 Hexes
 + Level 2.9 Invocations


You had 8 spell levels left.
You didn't know any spells.

Dungeon Overview and Level Annotations

Branches:
Dungeon (8/15)             Temple (1/1) D:4
   Lair: D:8-11

Altars:
Ashenzari
Cheibriados
Elyvilon
Makhleb
Nemelex Xobeh
Sif Muna

Shops:
D:5 *   D:6 (

Annotations:
D:8 Grum


Innate Abilities, Weirdness & Mutations

You are too large for most types of armour.
You have claws for hands.
Your metabolism is lightning-fast.
You like to eat raw meat.
You heal very quickly.
You are covered in fur. (AC +1)
You have very tough skin. (AC +2)
You are surrounded by a mild repulsion field. (EV +2)
You have supernaturally acute eyesight. (SInv)
Your muscles are strong. (Str +2)


Message History

A river rat comes into view.
The wolf bites you but does no damage.
The river rat moves out of view.
Grum hits you from afar with a spear.
* * * LOW HITPOINT WARNING * * *
The wolf bites you!
* * * LOW HITPOINT WARNING * * *
You turn to flesh and can move again.
A river rat comes into view.
Unknown command.
Unknown command.
Unknown command.
Unknown command.
The wolf closely misses you.
Unknown command.
Unknown command.
Unknown command.
It was a potion of mutation.
You feel extremely strange.
Your vision sharpens.
You feel stronger.
You begin to radiate repulsive energy.
The wolf misses you. The wolf bites you!
You die...

###### #.. .# #.##.#####
###.#....... #......# .
#.###..#
...###########...#..#
.......hglh@.......># ###.
...r....h####.##.#.....#..
...#####)# #.##.#####.#.#
#(# #.##...#...#.# #.#
#.####.##.##.# ... #.#
#.....#.### ##. #..
#.......... .. #..
.##.#...###. #(
....#%....#


You could see Grum, a basilisk and 3 wolves.

Vanquished Creatures
  A phantom (D:7)
  2 ogres
  4 elf zombies (Ossuary)
  A giant frog (D:6)
  A scorpion (D:7)
  3 centaur zombies (Ossuary)
  A human zombie (Ossuary)
  A giant frog skeleton (D:5)
  An iguana (D:4)
  A worker ant (D:5)
  The ghost of 4thArraOfDagon the Grasshopper, a weakling SpWr of Hepliaklqana (D:5)
  2 mummies (Ossuary)
  2 adders (D:7)
  An adder zombie (Ossuary)
  A worm (D:2)
  2 giant geckos
  7 orcs
  A ball python (D:1)
  4 giant cockroaches
  2 goblins
  2 hobgoblins
  A bat (D:2)
  A giant newt (D:5)
  2 goblin zombies
  8 hobgoblin zombies (Ossuary)
  8 kobold zombies (Ossuary)
  9 orc zombies (Ossuary)
  A quokka zombie (D:5)
  2 rats
  2 rat zombies (Ossuary)
75 creatures vanquished.

Notes
Turn   | Place    | Note
-------+----------+-------------------------------------------
     0 | D:1      | 4thArraOfDagon the Troll Arcane Marksman began the quest for the Orb.
     0 | D:1      | Reached XP level 1. HP: 18/18 MP: 1/1
     2 | D:1      | Noticed an octopode
     2 | D:1      | Noticed a human
     5 | D:1      | Noticed a minotaur
     5 | D:1      | Noticed a vampire
     7 | D:1      | Noticed a merfolk
     7 | D:1      | Noticed a felid
     9 | D:1      | Noticed a demonspawn
    11 | D:1      | Noticed a ghoul
    11 | D:1      | Noticed a spriggan
    13 | D:1      | Noticed a vine stalker
    13 | D:1      | Noticed a draconian
    15 | D:1      | Noticed a demigod
    17 | D:1      | Noticed a troll
    17 | D:1      | Noticed a dwarf
    19 | D:1      | Noticed a centaur
    19 | D:1      | Noticed an ogre
    21 | D:1      | Noticed a formicid
    21 | D:1      | Noticed a gargoyle
    23 | D:1      | Noticed a tengu
    25 | D:1      | Noticed a naga
    25 | D:1      | Noticed a halfling
    27 | D:1      | Noticed an elf
    63 | D:1      | Reached skill level 1 in Unarmed Combat
    89 | D:2      | Reached XP level 2. HP: 26/26 MP: 2/2
   143 | D:2      | Reached skill level 2 in Unarmed Combat
   170 | D:2      | You fall through a shaft!
   246 | D:4      | Reached skill level 3 in Unarmed Combat
   246 | D:4      | Reached XP level 3. HP: 32/32 MP: 3/3
   292 | D:4      | Found a staircase to the Ecumenical Temple.
   301 | Temple   | Entered the Ecumenical Temple
   308 | Temple   | Became a worshipper of Cheibriados the Contemplative
   326 | D:5      | Entered Level 5 of the Dungeon
   345 | D:5      | Found Joynet's General Store.
   451 | D:5      | Reached skill level 1 in Fighting
   515 | D:5      | Reached XP level 4. HP: 34/41 MP: 4/4
   558 | D:5      | Noticed 4thArraOfDagon's ghost (weakling SpWr)
   616 | D:5      | Killed 4thArraOfDagon's ghost
   712 | D:5      | Found a sand-covered staircase.
   719 | Ossuary  | Entered an ossuary
   782 | Ossuary  | Reached * piety under Cheibriados
   799 | Ossuary  | Reached skill level 4 in Unarmed Combat
   799 | Ossuary  | Reached skill level 1 in Invocations
   799 | Ossuary  | Reached XP level 5. HP: 33/48 MP: 5/5
   809 | Ossuary  | HP: 2/49 [adder zombie (3)]
   832 | Ossuary  | Reached XP level 6. HP: 13/57 MP: 6/6
   934 | Ossuary  | Reached skill level 5 in Unarmed Combat
   966 | Ossuary  | Reached XP level 7. HP: 21/66 MP: 7/7
  1072 | D:6      | Found Ugeepit's Antique Weapon Shoppe.
  1184 | D:7      | Reached ** piety under Cheibriados
  1336 | D:7      | Reached skill level 6 in Unarmed Combat
  1406 | D:8      | Noticed a basilisk
  1413 | D:8      | Noticed Grum
  1422 | D:8      | Gained mutation: You have supernaturally acute eyesight. (SInv) [potion of mutation]
  1422 | D:8      | Gained mutation: Your muscles are strong. (Str +2) [potion of mutation]
  1422 | D:8      | Gained mutation: You are surrounded by a mild repulsion field. (EV +2) [potion of mutation]
  1422 | D:8      | Slain by a wolf

Vault maps used:
D:1:      kb_arrival_jail
D:4:      serial_shops, nicolae_shop_stone, grunt_pakellas_basics,
          uniq_crazy_yiuf_cottage, uniq_menkaure
D:5:      first_bread, serial_glass, glass_columns_a, glass_columns_b,
          enter_ossuary_4, serial_shops, shop
D:6:      serial_shops, kennysheep_mini, nicolae_tso_swordbearing_angel
D:7:      serial_glass, glass_columns_a, glass_columns_a
D:8:      minmay_lair_entry_grove, uniq_grum, uniq_gastronok
Temple:   compressed_dpeg_circular_temple
Ossuary:  ossuary_tomb_1

Skill      XL: |  1  2  3  4  5  6  7 |
---------------+----------------------+-----
Unarmed Combat | 1 3 4 5 6 |  6.2
Fighting       | 1 2 3 |  3.0
Dodging        | 2 3 |  3.4
Invocations    | 1 2 |  2.9
Throwing       | |  1.7
Spellcasting   | |  1.0
Hexes          | |  2.0

Action                   |  1- 3 |  4- 6 |  7- 9 || total
-------------------------+-------+-------+-------++-------
Melee: Unarmed           |    68 |   155 |    51 ||   274
       Punch             |     1 |     2 |       ||     3
Throw: Large rock        |     1 |       |     5 ||     6
       Throwing net      |     1 |       |     1 ||     2
  Use: Scroll            |     2 |       |       ||     2
       Potion            |       |     6 |     1 ||     7
 Stab: Held in net/web   |     2 |       |       ||     2
  Eat: Chunk             |     9 |     4 |     2 ||    15
       Fruit             |       |       |     2 ||     2
Armor: Robe              |    25 |    48 |    14 ||    87
       Skin              |       |    33 |       ||    33
Dodge: Dodged            |    37 |    63 |    31 ||   131
